AoeStats
← CHACAL

Arabian Desert

510213771Analyzed
1v1 RM · 3d ago on Sep 30, 2026· 45m 37s· 2 players
Game mode
Random Map
Map size
Tiny (2 player)
Population
200
Speed
Normal
Resources
Standard
Victory
Conquest
Starting age
Dark Age
Ending age
Imperial Age
RankedLock teamsTeams togetherTeam positionsShared explorationLock speedFull tech treeHidden civsTurbo modeCheats
Victory
Defeat
🇨🇱 Mongols · Chile
528
+18
🇺🇸 Burgundians · United States
579
-27
Elvistec2676
7:26 Loom
10:01 Feudal Age
13:35 Double-Bit Axe
13:52 Horse Collar
20:47 Castle Age
21:16 Man-at-Arms
26:34 Bow Saw
28:14 Long Swordsman
28:35 Elite Skirmisher
29:21 Thumb Ring
30:32 Gold Mining
33:02 Ballistics
33:06 Forging
40:44 Imperial Age
42:32 Two-Handed Swordsman
42:33 Pikeman
43:46 Elite Mangudai
CHACAL
9:59 Double-Bit Axe
9:58 Horse Collar
12:31 Feudal Age
15:56 Wheelbarrow
18:08 Hand Cart
32:37 Castle Age
30:54 Bow Saw
30:54 Gold Mining
39:27 Cavalier
Connection lost

Rejoining the realm…

Still unreachable

The connection could not be restored.

Session expired

The server has moved on; the page needs a fresh start.